 Dungeon Crawl Stone Soup version 0.27.1 (webtiles) character file.

Game seed: 12210132020096014528

403 Descartes the Conjurer (level 6, -12/32 HPs)
             Began as a Deep Elf Conjurer on Sept 4, 2021.
             Mangled by an ogre (19 damage)
             ... on level 4 of the Dungeon.
             The game lasted 00:09:07 (4345 turns).

Descartes the Conjurer (Deep Elf Conjurer)          Turns: 4345, Time: 00:09:08

Health: -12/32     AC:  3    Str:  6    XL:     6   Next: 55%
Magic:  17/24      EV: 12    Int: 29    God:
Gold:   136        SH:  0    Dex: 13    Spells: 7/15 levels left

rFire    . . .     SeeInvis .   f - +1 scimitar (holy)
rCold    . . .     Faith    .   (no shield)
rNeg     . . .     Spirit   .   m - +0 leather armour
rPois    .         Reflect  .   (no helmet)
rElec    .         Harm     .   (no cloak)
rCorr    .         Rampage  .   (no gloves)
Will     .....                  (no boots)
Stlth    +++.......             (no amulet)
HPRegen  0.10/turn              e - ring of magical power
MPRegen  0.19/turn              l - +6 ring of intelligence

@: no status effects
A: no striking features
a: no special abilities


You were on level 4 of the Dungeon.
You visited 1 branch of the dungeon, and saw 4 of its levels.

You collected 136 gold pieces.

Inventory:

Hand Weapons
 f - a +1 scimitar of holy wrath (weapon)
 k - a +1 dagger of venom
Missiles
 a - 4 boomerangs
 i - 58 stones
 q - 11 sling bullets
 r - 14 arrows
 u - 7 poisoned darts
Armour
 m - a +0 leather armour (worn)
Jewellery
 e - a ring of magical power (left hand)
 l - a +6 ring of intelligence (right hand)
Wands
 d - a wand of iceblast (10)
 t - a wand of digging (4)
Scrolls
 b - a scroll of teleportation {unknown}
 c - 3 scrolls of identify {unknown}
 g - 2 scrolls of noise {unknown}
 n - a scroll of holy word {unknown}
 o - a scroll of amnesia {unknown}
 p - a scroll of fog {unknown}
 s - a scroll of fear {unknown}
Potions
 h - 2 potions of brilliance {unknown}
 j - 2 potions of curing {unknown}


   Skills:
 + Level 4.4 Dodging
 + Level 4.8 Stealth
 - Level 5.0 Spellcasting
 + Level 5.5 Conjurations
 + Level 3.1 Hexes
 + Level 0.0 Translocations
 + Level 0.0 Evocations


You had 7 spell levels left.
You knew the following spells:

 Your Spells              Type           Power      Damage    Failure   Level
a - Magic Dart            Conj           100%       1d8       1%          1
b - Dazzling Flash        Conj/Hex       64%        N/A       4%          3
c - Iskenderun's Mystic   Conj/Tloc      23%        2d6       30%         4

Your spell library contained the following spells:

 Spells                   Type           Power      Damage    Failure   Level
 Searing Ray              Conj           78%        3d6       1%          2
 Fulminant Prism          Conj/Hex       16%        3d11      16%         4


Dungeon Overview and Level Annotations

Branches:
Dungeon (4/15)             Temple (0/1) D:4

Altars:
Nemelex Xobeh


Message History

The ball python is severely wounded.
The ball python barely misses you.
You riposte.
You slash the ball python!
You kill the ball python!
Unknown command.
Unknown command.
Casting: Magic Dart (safe; 1% risk of failure)
Confirm with . or Enter, or press ? or * to list all spells.
Aiming: Magic Dart (safe; 1% risk of failure)
Press: ? - help, Shift-Dir - straight line, f/p - ogre
Aim: an ogre, wielding a +0 giant club (severely wounded, 100% to hit)
The magic dart hits the giant cockroach but does no damage.
The giant cockroach bites you.
Casting: Magic Dart (safe; 1% risk of failure)
Confirm with . or Enter, or press ? or * to list all spells.
Aiming: Magic Dart (safe; 1% risk of failure)
Press: ? - help, Shift-Dir - straight line, f/p - ogre
Aim: an ogre, wielding a +0 giant club (severely wounded, 100% to hit)
The magic dart hits the giant cockroach.
You kill the giant cockroach!
Casting: Magic Dart (safe; 1% risk of failure)
Confirm with . or Enter, or press ? or * to list all spells.
Aiming: Magic Dart (safe; 1% risk of failure)
Press: ? - help, Shift-Dir - straight line, f/p - ogre
Aim: an ogre, wielding a +0 giant club (severely wounded, 100% to hit)
The magic dart hits the ogre!
The ogre is almost dead.
The ogre hits you with a +0 giant club!!
Ouch! That really hurt!
* * * LOW HITPOINT WARNING * * *
Casting: Magic Dart (safe; 1% risk of failure)
Confirm with . or Enter, or press ? or * to list all spells.
Aiming: Magic Dart (safe; 1% risk of failure)
Press: ? - help, Shift-Dir - straight line, f/p - ogre
Aim: an ogre, wielding a +0 giant club (almost dead, 100% to hit)
The magic dart hits the ogre.
The ogre is almost dead.
There is a stone staircase leading up here.
The ogre hits you with a +0 giant club!!
Ouch! That really hurt!
You die...

### ### #.###.# ##########.#
#.....# #..........# #.###.#
#.########.# #@# #.# ###.###
#O###.### #...... #.......#
#.#.### . #####.#.####[#.# #.
#.#...##.#.# #.######+##
#.##.....#[# #.........#
#.#......#.###
#.........######.#......#.#..
###................#......#.###


You could see an ogre.

Vanquished Creatures
  2 phantoms
  A hound (D:2)
  An orc priest (D:3)
  An orc wizard (D:3)
  4 adders
  4 gnolls (D:3)
  2 worms
  A dart slug (D:1)
  6 orcs
  7 ball pythons
  4 endoplasms
  6 giant cockroaches
  7 goblins
  8 hobgoblins
  7 jackals
  6 kobolds
  3 quokkas (D:1)
  6 bats
  3 frilled lizards (D:1)
79 creatures vanquished.

Notes
Turn   | Place    | Note
-------+----------+-------------------------------------------
     0 | D:1      | Descartes the Deep Elf Conjurer began the quest for the
                  | Orb.
     0 | D:1      | Reached XP level 1. HP: 10/10 MP: 6/6
   184 | D:1      | Found a faded altar of an unknown god.
   274 | D:1      | Reached XP level 2. HP: 15/15 MP: 6/8
  1038 | D:1      | Reached XP level 3. HP: 19/19 MP: 10/10
  1522 | D:2      | Learned a level 3 spell: Dazzling Flash
  1851 | D:2      | Reached skill level 1 in Hexes
  1851 | D:2      | Reached XP level 4. HP: 9/24 MP: 12/12
  2392 | D:3      | Reached skill level 5 in Conjurations
  2403 | D:3      | Reached XP level 5. HP: 28/28 MP: 8/13
  3026 | D:3      | Noticed a phantom
  3036 | D:3      | Killed a phantom
  3037 | D:3      | Reached XP level 6. HP: 19/32 MP: 13/15
  3609 | D:4      | Found a sparkling altar of Nemelex Xobeh.
  3903 | D:4      | Learned a level 4 spell: Iskenderun's Mystic Blast
  4304 | D:4      | Found a staircase to the Ecumenical Temple.
  4311 | D:4      | Reached skill level 5 in Spellcasting
  4345 | D:4      | Mangled by an ogre

Illustrated notes

Levels and vault maps discovered:
D:1:      evilmike_arrival_crescent, layout_loops_corners,
          shapermc_ecumenical_altar_mp_ritualfount
D:2:      layout_loops_ring
D:3:      layout_loops_corners
D:4:      layout_basic, zin_angel, nemelex_xobeh_ov_fountains_minmay,
          minmay_temple_entry_large_hall, minmay_vboxes

Skill      XL: |  1  2  3  4  5  6 |
---------------+-------------------+-----
Stealth        | 3 4 |  4.8
Dodging        | 3 4 |  4.4
Spellcasting   | 4 5 |  5.0
Hexes          | 1 2 3 |  3.1
Conjurations   | 5 |  5.5

Action                   |  1- 3 |  4- 6 || total
-------------------------+-------+-------++-------
Melee: Scimitar          |     1 |       ||     1
 Cast: Magic Dart        |    90 |   124 ||   214
       Dazzling Flash    |     2 |       ||     2
Armor: Leather armour    |       |     2 ||     2
Dodge: Dodged            |    15 |    11 ||    26
       Rpst.: Falchion   |     1 |       ||     1
       Scimitar          |     4 |     5 ||     9
